AoeStats
← King L

African Clearing

510670682Analyzed
3v3 RM · 1d ago on Oct 2, 2026· 78m 3s· 6 players
Game mode
Random Map
Map size
Normal (6 player)
Population
200
Speed
Normal
Resources
Standard
Victory
Conquest
Starting age
Dark Age
Ending age
Imperial Age
RankedLock teamsTeams togetherTeam positionsShared explorationLock speedFull tech treeHidden civsTurbo modeCheats
Victory
Defeat
🇨🇱 Huns · Chile
1076
+14
🇨🇱 Mongols · Chile
1072
+14
🇨🇱 Turks · Chile
1039
+16
🇦🇷 Berbers · Argentina
1076
-16
🇦🇷 Britons · Argentina
1011
-14
🇦🇷 Franks · Argentina
1007
-14
KUKA TIRA PIEDRA
7:06 Loom
15:56 Feudal Age
20:19 Castle Age
21:09 Double-Bit Axe
25:59 Horse Collar
28:46 Fletching
30:16 Padded Archer Armor
32:22 Wheelbarrow
33:35 Gold Mining
33:37 Stone Mining
37:29 Bodkin Arrow
37:47 Husbandry
38:20 Scale Barding Armor
38:26 Forging
39:32 Hand Cart
42:09 Imperial Age
39:58 Bloodlines
41:11 Forging
42:02 Chain Barding Armor
43:07 Iron Casting
42:48 Leather Archer Armor
43:11 Conscription
42:19 Heavy Camel Rider
44:51 Thumb Ring
45:42 Gold Shaft Mining
45:49 Elite Genitour
47:18 Ballistics
48:41 Chemistry
54:47 Crossbowman
55:32 Thumb Ring
56:37 Stone Shaft Mining
56:23 Heavy Plow
56:35 Bow Saw
58:01 Blast Furnace
57:41 Ring Archer Armor
57:19 Bracer
59:24 Light Cavalry
64:50 Crop Rotation
71:42 Plate Barding Armor
Monosy
11:08 Loom
14:47 Feudal Age
15:13 Double-Bit Axe
18:36 Forging
27:18 Castle Age
26:52 Scale Barding Armor
28:11 Bow Saw
29:09 Wheelbarrow
31:08 Iron Casting
33:07 Pikeman
34:12 Chain Barding Armor
33:53 Scale Mail Armor
37:19 Hand Cart
42:39 Chain Mail Armor
56:20 Imperial Age
54:04 Husbandry
54:55 Gold Mining
54:56 Stone Mining
56:40 Elite Throwing Axeman
59:48 Blast Furnace
59:42 Gold Shaft Mining
72:43 Plate Barding Armor
75:48 Cavalier
Patovich
12:18 Loom
15:00 Feudal Age
15:31 Loom
22:46 Double-Bit Axe
25:59 Horse Collar
30:28 Castle Age
29:06 Wheelbarrow
30:47 Elite Skirmisher
30:48 Crossbowman
33:42 Hand Cart
34:03 Scale Mail Armor
35:43 Padded Archer Armor
47:08 Imperial Age
48:32 Leather Archer Armor
48:09 Fletching
53:23 Arbalester
61:46 Ballistics
62:27 Chemistry
65:50 Bodkin Arrow
66:26 Ring Archer Armor
66:12 Bow Saw
66:46 Capped Ram
70:32 Chain Mail Armor
71:20 Two-Man Saw
76:13 Forging
77:25 Plate Mail Armor
King L
4:48 Loom
13:11 Feudal Age
13:41 Double-Bit Axe
20:43 Castle Age
20:29 Bloodlines
27:48 Forging
30:12 Gold Mining
31:03 Scale Barding Armor
38:23 Fletching
42:15 Wheelbarrow
45:54 Hand Cart
46:40 Ballistics
52:36 Imperial Age
50:46 Bodkin Arrow
52:02 Bow Saw
52:41 Padded Archer Armor
52:54 Town Watch
53:39 Conscription
55:01 Husbandry
55:19 Bracer
56:24 Chemistry
55:35 Masonry
57:45 Chain Barding Armor
58:01 Iron Casting
57:53 Murder Holes
58:01 Light Cavalry
59:26 Hussar
64:53 Blast Furnace
65:06 Elite Mangudai
67:13 Gold Shaft Mining
69:07 Horse Collar
69:53 Nomads
71:01 Leather Archer Armor
70:15 Man-at-Arms
76:05 Capped Ram
77:07 Drill
tuto
13:27 Feudal Age
11:44 Loom
17:30 Forging
19:39 Castle Age
18:37 Forging
20:04 Bloodlines
20:37 Light Cavalry
22:00 Scale Barding Armor
22:03 Fletching
27:12 Ballistics
27:43 Wheelbarrow
27:38 Bodkin Arrow
28:25 Husbandry
32:46 Chain Barding Armor
38:05 Imperial Age
35:52 Stone Mining
35:54 Gold Mining
40:32 Hand Cart
43:34 Town Watch
46:31 Iron Casting
48:21 Conscription
50:27 Horse Collar
50:36 Double-Bit Axe
51:08 Scale Mail Armor
51:51 Heavy Plow
51:42 Pikeman
52:23 Squires
52:09 Arson
53:26 Town Patrol
53:36 Halberdier
55:50 Masonry
56:41 Chemistry
59:25 Chain Mail Armor
60:10 Blast Furnace
60:16 Parthian Tactics
59:39 Cavalier
60:24 Elite Tarkan
62:37 Plate Barding Armor
62:04 Bracer
62:32 Hussar
62:39 Cavalier
64:52 Marauders
64:53 Paladin
65:53 Murder Holes
77:40 Elite Tarkan
Mavch31
3:32 Loom
15:25 Feudal Age
19:01 Castle Age
17:16 Stone Mining
18:10 Fletching
18:21 Padded Archer Armor
19:27 Double-Bit Axe
22:47 Horse Collar
23:22 Bow Saw
27:37 Bodkin Arrow
29:46 Wheelbarrow
30:02 Leather Archer Armor
30:00 Heavy Plow
31:52 Ballistics
32:45 Sipahi
33:32 Caravan
34:11 Gold Mining
35:34 Hand Cart
38:24 Thumb Ring
45:05 Imperial Age
46:53 Parthian Tactics
45:49 Heavy Cavalry Archer
46:40 Bracer
47:11 Ring Archer Armor
50:20 Elite Janissary
51:23 Bloodlines
51:15 Husbandry
53:24 Forging
53:20 Scale Barding Armor
53:16 Scale Mail Armor
60:47 Artillery
63:51 Hoardings
63:37 Conscription
63:27 Heavy Scorpion
65:17 Iron Casting
73:37 Blast Furnace
72:27 Capped Ram
Connection lost

Rejoining the realm…

Still unreachable

The connection could not be restored.

Session expired

The server has moved on; the page needs a fresh start.